 Dungeon Crawl Stone Soup version 0.18-a0-1160-geb89fc2 (webtiles) character file.

83 Duffy the Shield-Bearer (level 4, 0/35 HPs)
             Began as a Formicid Fighter on Jan 24, 2016.
             Slain by Crazy Yiuf
             ... wielding a +3 quarterstaff of chaos
              (8 damage)
             ... on level 2 of the Dungeon.
             The game lasted 00:01:56 (1793 turns).

Duffy the Shield-Bearer (Formicid Fighter)          Turns: 1793, Time: 00:01:56

Health: 0/35       AC: 11    Str: 21    XL:     4   Next: 71%
Magic:  4/4        EV:  6    Int:  8    God:
Gold:   151        SH:  9    Dex: 10    Spells: 0 memorised, 3 levels left

rFire  . . .     SeeInvis +     a - +0 war axe
rCold  . . .     Gourm    .     o - +0 chain mail
rNeg   . . .     Faith    .     c - +0 shield
rPois  .         Spirit   .     (helmet unavailable)
rElec  .         Dismiss  .     l - +0 cloak
rCorr  .         Reflect  .     (no gloves)
SustAt .         Harm     .     m - +0 pair of boots
MR     .....                    (no amulet)
Stlth  ..........               (no ring)
                                (no ring)

@: lethally poisoned (0 -> -14), not resistant to hostile enchantments,
extremely unstealthy
A: permanent stasis, dig shafts and tunnels, four strong arms, antennae 3
a: Dig, Shaft Self


You were on level 2 of the Dungeon.
You were not hungry.

You visited 1 branch of the dungeon, and saw 2 of its levels.

You collected 151 gold pieces.


Innate Abilities, Weirdness & Mutations

You are under a permanent stasis effect.
You can dig through walls and to a lower floor.
Your four strong arms can wield two-handed weapons with a shield.
You have a pair of large antennae on your head (SInv).


   Skills:
 - Level 3.2 Fighting
 + Level 3.7 Axes
 - Level 3.2 Armour
 + Level 4.8 Shields


You had 3 spell levels left.
You didn't know any spells.

Inventory:

Hand Weapons
 a - a +0 war axe (weapon)
Armour
 b - a +0 scale mail
 c - a +0 shield (worn)
 l - a +0 cloak (worn)
 m - a +0 pair of boots (worn)
 o - a +0 chain mail (worn)
Scrolls
 e - a scroll of immolation {unknown}
 i - 3 scrolls of identify {unknown}
 q - a scroll of teleportation {unknown}
Potions
 d - a potion of might
 h - a potion of ambrosia {unknown}
 j - 2 potions of flight {unknown}
 k - a potion of cancellation {unknown}
 n - a potion of poison {unknown}
 r - a potion of mutation {unknown}
Comestibles
 f - 3 bread rations
 g - 3 fruits
 p - 2 chunks of flesh

Dungeon Overview and Level Annotations

Branches:
Dungeon (2/15)

Altars:

Annotations:
D:2 Crazy Yiuf


Message History

You open the door.
Found 27 bolts.
As you open the door, it creaks loudly!
You see here a dagger.
You open the door.
There is an open door here.
r - a fuming red potion As you open the door, it creaks loudly!
There is an open door here.
You open the door.
There is an open door here.
You now have 151 gold pieces (gained 15).
There is an open door here.
There is an open door here.
There is an open door here.
You see here an enchanted dagger.
Found a mace.
Crazy Yiuf the Enlightened comes into view.
He is wielding a quarterstaff of chaos.
Crazy Yiuf shouts!
Crazy Yiuf moves out of view.
You hit Crazy Yiuf.
Crazy Yiuf is lightly wounded.
Crazy Yiuf hits you with a quarterstaff of chaos!
You are poisoned.
You hit Crazy Yiuf.
Crazy Yiuf is lightly wounded.
You feel very sick.
Crazy Yiuf hits you with a quarterstaff of chaos.
You closely miss Crazy Yiuf.
Crazy Yiuf is lightly wounded.
You feel sick.
Crazy Yiuf laughs, "Shower testudinal senile!"
Crazy Yiuf hits you with a quarterstaff of chaos!
You are electrocuted!
You die... ######## ##..####..# #......# #....# #..# #......# 7....7 #..# #......# 77...7 #..# #......# 77.77 #..##### #......# 77.7 #......## #......# 7.77 #..###..### #......# 77.7 #...###...## #......# 7@77

#....####.).
####.### #g#
#..#..#####.
#..# ...
#..)....###.
#.## #...#
#####.......
#.# #)..#
##......####
##.# #####
#..####.....
#..# ####
##.... #.##
#########
####...# #.#
#...#...#
#....[..


You could see Crazy Yiuf.

Action                   |  1- 3 |  4- 6 || total
-------------------------+-------+-------++-------
Melee: War axe           |    91 |    66 ||   157
 Abil: Dig               |     4 |     2 ||     6
  Eat: Chunk             |       |     3 ||     3

Notes
Turn   | Place    | Note
--------------------------------------------------------------
     0 | D:1      | Duffy the Formicid Fighter began the quest for the Orb.
     0 | D:1      | Reached XP level 1. HP: 18/18 MP: 1/1
   282 | D:1      | Reached XP level 2. HP: 24/24 MP: 2/2
   390 | D:1      | Reached skill level 4 in Shields
   753 | D:1      | Reached XP level 3. HP: 29/29 MP: 3/3
   937 | D:1      | Reached skill level 3 in Axes
  1007 | D:2      | Reached XP level 4. HP: 26/35 MP: 4/4
  1788 | D:2      | Noticed Crazy Yiuf
  1793 | D:2      | Slain by Crazy Yiuf

Vault maps used:
D:1:      lemuel_arrival_room
D:2:      minmay_door_path, uniq_crazy_yiuf_cottage

Vanquished Creatures
  3 adders
  A worm
  A giant gecko
  2 giant cockroaches
  13 goblins
  9 hobgoblins
  4 bats
  3 giant newts
  5 kobolds
  6 rats
47 creatures vanquished.
